 Dungeon Crawl Stone Soup version 0.23-a0-612-gcb482e9 (webtiles) character file.

182 Borgoz the Skirmisher (level 5, -12/45 (46) HPs)
             Began as a Ghoul Abyssal Knight on Dec 22, 2018.
             Was a Believer of Lugonu.
             Mangled by an ogre
             ... wielding a +0 giant club
              (18 damage)
             ... on level 4 of the Dungeon.
             The game lasted 00:04:34 (2538 turns).

Borgoz the Skirmisher (Ghoul Abyssal Knight)        Turns: 2538, Time: 00:04:35

HP:   -12/45 (46)   AC:  5    Str: 16    XL:     5   Next: 62%
MP:   6/6           EV: 11    Int: 13    God:    Lugonu [**....]
Gold: 159           SH:  0    Dex:  9    Spells: 4/4 levels left

rFire    . . .     SeeInvis .   a - +1 hand axe
rCold    + . .     Gourm    .   (no shield)
rNeg     + + +     Faith    .   g - +0 ring mail (curse)
rPois    ∞         Spirit   .   (no helmet)
rElec    .         Reflect  .   (no cloak)
rCorr    .         Harm     .   (no gloves)
MR       .....                  (no boots)
Stlth    ..........             (no amulet)
HPRegen  0.00/turn              l - +6 ring of intelligence
MPRegen  0.10/turn              (no ring)

@: rotting
A: rotting body, claws 1, carnivore, cold resistance 1, negative energy
resistance 3, inhibited regeneration, torment resistance, unbreathing
a: Depart the Abyss, Bend Space, Renounce Religion


You were on level 4 of the Dungeon.
You worshipped Lugonu.
Lugonu was pleased with you.
You were not hungry.

You visited 1 branch of the dungeon, and saw 4 of its levels.
You visited the Abyss 1 time.

You collected 159 gold pieces.

Inventory:

Hand Weapons
 a - a +1 hand axe (weapon)
 b - a +2 whip of pain
Armour
 g - a cursed +0 ring mail (worn)
Jewellery
 l - a +6 ring of intelligence (left claw)
Wands
 o - a wand of random effects (11)
Scrolls
 d - a scroll of identify {unknown}
 h - 2 scrolls of remove curse {unknown}
 j - a scroll of amnesia {unknown}
 k - a scroll of blinking {unknown}
 m - a scroll of teleportation {unknown}
Potions
 e - 2 potions of curing {unknown}
 f - a potion of might {unknown}
 i - 2 potions of agility {unknown}
 n - a potion of flight {unknown}
Comestibles
 c - 6 rations


   Skills:
 + Level 4.2 Fighting
 + Level 2.6 Axes
 + Level 2.7 Armour
 + Level 2.2 Dodging
 + Level 3.2 Invocations


You had 4 spell levels left.
You didn't know any spells.
Your spell library was empty.

Dungeon Overview and Level Annotations

Branches:
Dungeon (4/15)
 Temple: D:4-7

Altars:
Ashenzari
Ru
Xom
The Shining One

Annotations:
D:3 2 transporters, ohad's ghost, amateur TrMo


Innate Abilities, Weirdness & Mutations

Your body is rotting away.
You thrive on raw meat.
You are immune to poison.
You have sharp fingernails.
You are carnivorous and can eat meat at any time.
Your flesh is cold resistant. (rC+)
You are immune to negative energy. (rN+++)
You do not regenerate when monsters are visible.
You are immune to unholy pain and torment.
You can survive without breathing.


Message History

Evoke which item? (* to show all) (? for menu, Esc to quit)
Aiming: Random Effects
Press: ? - help, Shift-Dir - straight line, f - ogre
Aim: an ogre, wielding a +0 giant club The ogre seems to speed up.
The ogre closely misses you.
Evoke which item? (* to show all) (? for menu, Esc to quit)
Aiming: Random Effects
Press: ? - help, Shift-Dir - straight line, f/p - ogre
Aim: an ogre, wielding a +0 giant club (fast)
The ogre flickers and vanishes!
Deactivating autopickup; reactivate with Ctrl-A.
Something hits you.
No target in view!
No target in view!
Something hits you!
You hit something. Something hits you! Something barely misses you.
You hit something. Something hits you!
* * * LOW HITPOINT WARNING * * *
You slash something! Something hits you!!
You die...

#.......###........
#.....#.# #.#######
#.......# #......#
#.....### ######.#
####.## #.# #. #.#
# #.# #.# #@#
#########.#
..........#
#####..### #..#
#..# #... #....
#####.


There were no monsters in sight!

Vanquished Creatures
  A howler monkey zombie (D:2)
  4 gnolls
  4 adders
  3 oozes
  3 dart slugs
  A leopard gecko (D:3)
  5 giant cockroaches
  9 goblins
  12 hobgoblins
  3 jackals (D:1)
  2 quokkas (D:3)
  2 ball pythons
  8 bats
  5 frilled lizards
  5 kobolds (D:2)
  12 rats
79 creatures vanquished.

Notes
Turn   | Place    | Note
-------+----------+-------------------------------------------
     0 | Abyss:1  | Borgoz the Ghoul Abyssal Knight began the quest for the
                  | Orb.
     0 | Abyss:1  | Reached XP level 1. HP: 19/19 MP: 1/1
   113 | D:1      | Escaped the Abyss
   272 | D:1      | Reached skill level 1 in Dodging
   278 | D:1      | Reached XP level 2. HP: 6/26 MP: 2/2
   475 | D:1      | Reached * piety under Lugonu
   602 | D:1      | Reached XP level 3. HP: 31/31 MP: 3/3
   970 | D:2      | Found a glowing golden altar of the Shining One.
  1017 | D:2      | Reached XP level 4. HP: 36/40 MP: 4/4
  1349 | D:2      | Reached ** piety under Lugonu
  1350 | D:2      | Found a faded altar of an unknown god.
  1639 | D:3      | Found a shattered altar of Ashenzari.
  1907 | D:3      | Found a transporter.
  1923 | D:3      | Reached skill level 4 in Fighting
  1923 | D:3      | Reached XP level 5. HP: 32/46 MP: 6/6
  1927 | D:3      | Found a transporter.
  1927 | D:3      | Noticed ohad's ghost (amateur TrMo)
  1927 | D:3      | Noticed an ogre
  1929 | D:3      | Noticed an ogre
  1930 | D:3      | Noticed an ogre
  2040 | D:3      | Found a shimmering altar of Xom.
  2296 | D:3      | Found a sacrificial altar of Ru.
  2529 | D:4      | Noticed an ogre
  2538 | D:4      | Mangled by an ogre

Vault maps used:
D:1:      eino_arrival_cavern_b
D:2:      tso_altar, chequers_ecumenical_altar_simple_redux,
          kennysheep_generic_room_3
D:3:      ashenzari_altar_1, xom_butterflies, first_ration,
          gammafunk_ghost_smash, chequers_avenue,
          nicolae_ru_the_path_less_chosen

Skill      XL: |  1  2  3  4 |
---------------+-------------+-----
Dodging        | 1 2 |  2.2
Axes           | 2 |  2.6
Armour         | 2 |  2.7
Fighting       | 4 |  4.2
Invocations    | 3 |  3.2

Action                   |  1- 3 |  4- 6 || total
-------------------------+-------+-------++-------
Melee: Hand axe          |    74 |   140 ||   214
       Whip              |       |     1 ||     1
Invok: Depart the Abyss  |     1 |       ||     1
Evoke: Wand              |       |     2 ||     2
  Use: Potion            |       |     1 ||     1
  Eat: Chunk             |     5 |    15 ||    20
Armor: Ring mail         |    41 |    62 ||   103
Dodge: Dodged            |    60 |   109 ||   169

Table legend:
 A = Non-vault XP
 B = Vault XP
 C = Vault XP percentage of total XP
 D = Non-vault monster count
 E = Vault monster count
 F = Vault count percentage of total count
                 A         B        C        D         E       F
            +---------+---------+-------+---------+---------+-------
      Total |     257 |       4 |   1.5 |      78 |       1 |   1.3
            +---------+---------+-------+---------+---------+-------
        D:1 |      53 |       0 |   0.0 |      26 |       0 |   0.0
        D:2 |      81 |       4 |   4.7 |      25 |       1 |   3.8
        D:3 |     123 |       0 |   0.0 |      27 |       0 |   0.0
            +---------+---------+-------+---------+---------+-------
